Map: [ESL] Gresvan

Players

RagnaroK - Winner!

  • Race: Zerg Zerg
  • Spawn Location: 11:00

herO

  • Race: Protoss Protoss
  • Spawn Location: 5:00

VOD

https://youtu.be/UNkN_1y-qfk

Description

Time

  • Played on: July 6, 2023, 7:03 a.m.
  • Length: 14:03
Show
View Real Time Build Order
Export as new Build Order

RagnaroK Zerg - Winner!

Build Orders: Hatch First 

Get SALT Encoding   

  12  0:00  Drone  
  13  0:08  Drone  
  14  0:16  Overlord  
  14  0:35  Drone  
  15  0:40  Drone  
  16  0:47  Hatchery  
  15  0:51  Drone  
  15  0:56  Drone  
  17  0:59  Drone  
  18  1:08  Drone  
  19  1:12  Extractor  
  19  1:18  Spawning Pool  
  17  1:20  Drone  
  18  1:29  Drone  
  19  1:39  Drone  
  20  1:50  Drone  
  21  1:59  Drone  
  22  2:04  Queen x2  
  22  2:05  Zergling x2  
  27  2:10  Overlord  
  27  2:15  Metabolic Boost  
  27  2:19  Drone  
  28  2:29  Hatchery  
  27  2:31  Zergling x2  
  27  2:32  Drone  
  27  2:34  Drone  
  30  2:42  Queen  
  32  2:48  Zergling x4  
  32  2:49  Zergling x2  
  35  2:53  Zergling x2  
  35  2:57  Overlord  
  36  3:06  Overlord  
  35  3:14  Overlord  
  35  3:15  Drone, Zergling x2  
  35  3:18  Zergling x4  
  38  3:20  Queen  
  38  3:26  Zergling x4  
  42  3:32  Drone  
  40  3:36  Drone  
  41  3:42  Drone  
  41  3:47  Drone  
  42  3:50  Drone x2  
  42  3:51  Drone x4  
  42  3:53  Drone  
  48  4:00  Drone  
  48  4:01  Drone x2  
  48  4:02  Drone  
  50  4:04  Drone  
  50  4:07  Queen  
  53  4:10  Drone  
  53  4:13  Drone  
  55  4:20  Drone, Spore Crawler  
  55  4:21  Drone  
  55  4:24  Drone  
  57  4:26  Drone  
  57  4:28  Spore Crawler  
  57  4:31  Drone  
  57  4:34  Drone x3  
  57  4:37  Drone x3, Evolution Chamber  
  63  4:41  Overlord  
  63  4:43  Zergling x2  
  64  4:49  Spore Crawler  
  64  4:50  Zergling x6  
  66  4:57  Overlord x3  
  66  5:00  Drone x2  
  66  5:04  Zergling x6  
  71  5:07  Drone  
  71  5:09  Zerg Melee Weapons Level 1  
  71  5:12  Drone  
  71  5:13  Drone, Overlord  
  74  5:18  Extractor x2, Drone x2  
  74  5:21  Overlord  
  74  5:24  Roach Warren  
  74  5:26  Zergling x4  
  75  5:30  Zergling x8  
  75  5:33  Overlord  
  79  5:36  Zergling x2  
  79  5:39  Overlord  
  79  5:41  Zergling x6  
  83  5:43  Spine Crawler  
  83  5:48  Zergling x6  
  83  5:49  Zergling x4  
  87  5:53  Overlord  
  87  6:04  Roach x5  
  97  6:07  Roach  
  97  6:10  Roach x3  
  105  6:13  Lair  
  105  6:15  Drone x2  
  105  6:17  Drone  
  107  6:19  Drone x2  
  107  6:23  Queen  
  111  6:27  Roach x2  
  113  6:34  Roach x4  
  113  6:37  Drone x2  
  109  6:42  Drone  
  109  6:44  Drone x2  
  109  6:45  Drone x2  
  111  6:49  Drone x2  
  111  6:50  Drone x3  
  111  6:51  Drone  
  111  6:56  Roach x2  
  111  6:59  Extractor  
  111  7:00  Extractor  
  111  7:01  Queen  
  113  7:03  Roach  
  113  7:04  Roach  
  113  7:05  Extractor  
  113  7:08  Roach x2  
  119  7:16  Roach x5  
  127  7:23  Drone  
  127  7:24  Drone  
  127  7:26  Overlord x2  
  129  7:30  Hatchery  
  129  7:31  Evolution Chamber  
  129  7:35  Drone x2  
  129  7:36  Overlord  
  129  7:42  Spire  
  129  7:43  Overlord  
  128  7:46  Roach x2  
  128  7:52  Drone x4  
  128  7:53  Zerg Missile Weapons Level 1  
  132  8:01  Zergling x12  
  138  8:06  Baneling Nest  
  138  8:07  Overlord  
  138  8:08  Roach  
  139  8:14  Roach x4  
  139  8:15  Overseer  
  139  8:17  Overlord  
  147  8:26  Roach x4  
  153  8:28  Glial Reconstitution  
  153  8:34  Drone x3  
  153  8:37  Roach x2  
  160  8:43  Zergling x8  
  160  8:46  Drone  
  160  8:47  Zerg Melee Weapons Level 2  
  165  8:50  Drone x2  
  165  8:52  Drone  
  165  8:53  Drone  
  165  8:54  Drone  
  170  8:55  Overlord  
  170  8:59  Overlord  
  170  9:01  Roach  
  171  9:05  Roach x2  
  171  9:08  Overlord  
  174  9:12  Drone x2  
  174  9:14  Overlord  
  174  9:16  Roach x3  
  180  9:21  Extractor, Queen  
  180  9:27  Zergling x16  
  180  9:29  Drone  
  189  9:32  Extractor  
  189  9:37  Roach, Zergling x10  
  195  9:43  Roach, Zergling x2  
  192  9:46  Drone  
  192  9:52  Roach, Zergling x2  
  192  9:53  Zergling x4  
  192  9:55  Hatchery  
  192  9:59  Zergling x10  
  191  10:05  Zergling x10  
  174  10:11  Roach  
  174  10:12  Roach x2  
  152  10:15  Zergling x8  
  132  10:22  Roach, Zergling x2  
  130  10:30  Mutalisk x3  
  130  10:33  Mutalisk  
  130  10:34  Mutalisk x4  
  146  10:38  Mutalisk  
  146  10:42  Mutalisk  
  129  10:43  Mutalisk x3  
  129  10:44  Mutalisk  
  129  10:48  Mutalisk x4  
  146  10:53  Mutalisk x2  
  150  11:00  Mutalisk x3  
  156  11:09  Hatchery  
  155  11:13  Zerg Flyer Weapons Level 1  
  155  11:15  Mutalisk x2  
  159  11:20  Mutalisk x2  
  163  11:25  Mutalisk  
  163  11:27  Zergling x10  
  170  11:33  Mutalisk  
  170  11:34  Mutalisk  
  170  11:36  Zergling x8  
  178  11:43  Mutalisk x2  
  178  11:45  Zergling x8  
  178  11:46  Zergling x2  
  187  11:53  Mutalisk x2  
  189  11:59  Zergling x14  
  189  12:00  Zergling x2  
  184  12:09  Mutalisk x3  
  184  12:11  Mutalisk  
  190  12:19  Mutalisk  
  190  12:20  Zergling x14  
  199  12:28  Mutalisk  
  197  12:35  Zergling x10  
  197  12:38  Centrifugal Hooks  
  194  12:46  Extractor  
  194  12:50  Extractor, Mutalisk  
  194  12:51  Mutalisk x4  
  178  12:55  Zergling x20  
  178  12:56  Drone  
  185  13:01  Mutalisk x2  
  185  13:04  Zergling x6  
  179  13:06  Drone  
  179  13:09  Mutalisk  
  179  13:10  Zergling x2  
  183  13:18  Zergling x10  
  187  13:21  Zergling x4  
  187  13:22  Zergling x2  
  182  13:29  Mutalisk x2  
  182  13:32  Zergling x6  
  183  13:35  Zergling x4  
  183  13:38  Zergling x4  
  173  13:44  Zergling x4  
  173  13:45  Zergling x2  
Show
View Real Time Build Order
Export as new Build Order

herO Protoss 

Build Orders: 1 Gate Expand, Oracle Opening, Zealot Archon, Archon Drop 

Get SALT Encoding   

  12  0:00  Probe  
  13  0:12  Probe  
  14  0:17  Pylon  
  14  0:24  Probe (Chrono Boost)  
  16  0:36  Probe (Chrono Boost)  
  16  0:43  Gateway  
  16  0:44  Probe (Chrono Boost)  
  16  0:47  Assimilator  
  17  0:50  Probe  
  18  1:02  Probe  
  19  1:15  Probe  
  20  1:22  Nexus  
  20  1:31  Cybernetics Core  
  20  1:38  Pylon  
  20  1:41  Probe  
  20  1:46  Assimilator  
  21  1:53  Probe  
  22  2:01  Gateway  
  22  2:05  Probe (Chrono Boost)  
  22  2:08  Adept  
  25  2:17  Probe (Chrono Boost)  
  26  2:22  Warp Gate  
  26  2:23  Probe (Chrono Boost)  
  27  2:32  Stargate  
  27  2:35  Probe (Chrono Boost)  
  31  2:45  Adept (Chrono Boost)  
  31  2:46  Probe (Chrono Boost)  
  31  2:47  Probe (Chrono Boost), Adept (Chrono Boost)  
  31  2:51  Probe (Chrono Boost)  
  34  2:54  Probe  
  36  3:01  Probe  
  37  3:06  Probe  
  37  3:08  Adept  
  37  3:12  Adept  
  41  3:14  Oracle (Chrono Boost)  
  44  3:21  Pylon  
  44  3:25  Probe x2  
  46  3:38  Gateway  
  42  3:42  Probe x2  
  44  3:54  Probe  
  44  3:55  Probe  
  37  4:05  Pylon  
  37  4:07  Probe, Assimilator  
  37  4:08  Assimilator  
  37  4:09  Robotics Facility, Twilight Council  
  39  4:12  Adept  
  39  4:16  Probe (Chrono Boost)  
  41  4:19  Probe (Chrono Boost)  
  42  4:30  Gateway  
  44  4:31  Probe (Chrono Boost)  
  44  4:34  Probe (Chrono Boost)  
  44  4:38  Probe (Chrono Boost)  
  45  4:40  Gateway  
  45  4:41  Probe (Chrono Boost)  
  45  4:42  Gateway  
  46  4:46  Probe, Charge (Chrono Boost)  
  47  4:53  Templar Archives  
  47  4:58  Probe  
  47  4:59  Probe  
  49  5:01  Warp Prism (Chrono Boost)  
  51  5:09  Gateway  
  51  5:14  Stalker  
  53  5:19  Gateway  
  53  5:23  Pylon  
  53  5:26  Pylon  
  53  5:36  Probe  
  54  5:44  Nexus  
  54  5:45  High Templar x3  
  54  5:47  High Templar  
  62  5:50  Archon  
  62  5:51  Archon  
  62  5:52  Pylon  
  62  6:01  Probe x2  
  64  6:07  Pylon  
  64  6:18  Zealot x5  
  74  6:19  Zealot  
  74  6:20  Probe x2  
  78  6:30  Forge  
  78  6:33  Zealot  
  78  6:34  Probe x2  
  73  6:46  Probe x2  
  71  6:49  Zealot x2  
  71  6:50  Zealot x4  
  81  6:57  Robotics Bay  
  81  6:59  Probe x2  
  81  7:05  Pylon x2  
  81  7:06  Zealot  
  83  7:20  Protoss Ground Weapons Level 1 (Chrono Boost)  
  83  7:23  Probe x2  
  83  7:24  Nexus  
  83  7:27  Shield Battery  
  83  7:28  High Templar x4, Blink (Chrono Boost)  
  93  7:32  Archon x2  
  93  7:35  Probe  
  94  7:41  Pylon  
  94  7:58  Disruptor (Chrono Boost)  
  94  7:59  Probe x2  
  99  8:09  Assimilator  
  99  8:10  Pylon  
  99  8:11  Probe x2  
  101  8:14  Assimilator  
  101  8:18  Pylon  
  101  8:22  Disruptor (Chrono Boost)  
  102  8:27  Pylon  
  102  8:31  Stalker x3  
  110  8:37  Stalker x4  
  118  8:53  Disruptor (Chrono Boost)  
  115  8:57  Photon Cannon  
  115  9:00  Pylon  
  115  9:02  Protoss Ground Weapons Level 2 (Chrono Boost)  
  116  9:11  Stalker x2  
  116  9:12  Stalker x5  
  130  9:22  Probe x2  
  131  9:25  Disruptor (Chrono Boost)  
  131  9:29  Nexus  
  133  9:34  Shield Battery  
  133  9:35  Photon Cannon  
  133  9:44  Probe x2  
  136  9:46  Stalker x2  
  139  9:56  Stalker x4  
  141  10:03  Disruptor (Chrono Boost)  
  113  10:16  Stalker x3  
  110  10:25  Nexus  
  110  10:31  Probe x3  
  110  10:33  Photon Cannon, Stalker x3  
  110  10:34  Disruptor (Chrono Boost)  
  122  10:39  Gravitic Drive  
  122  10:43  Probe  
  122  10:44  Probe x2  
  125  10:52  Pylon, Stalker x3  
  125  10:53  Shield Battery  
  131  10:57  Stalker x2  
  135  11:09  Photon Cannon, Shield Battery  
  133  11:11  Photon Cannon  
  133  11:13  Photon Cannon, Shield Battery  
  133  11:18  Disruptor (Chrono Boost)  
  136  11:24  Stalker x3  
  140  11:39  Photon Cannon  
  140  11:41  Protoss Ground Armor Level 1 (Chrono Boost), Shield Battery  
  137  11:48  Stalker x5  
  137  11:53  Observer (Chrono Boost)  
  148  11:54  Stalker  
  134  12:11  Stalker x2  
  134  12:12  Stalker x4  
  135  12:25  Probe x4  
  136  12:31  Pylon  
  136  12:38  Stalker x6  
  136  12:40  Probe x4  
  119  12:59  Warp Prism (Chrono Boost)  
  119  13:00  Stalker  
  109  13:06  Stalker x6  
  121  13:17  Photon Cannon  
  117  13:28  Stalker  
  109  13:34  Stalker x5  
Tags
 
Add a new tag
Caveats
  • Supply blocks, unpowered buildings, or Contaminate may cause inaccurate times.
  • Supply counts are checked every 10 seconds.